 Dungeon Crawl Stone Soup version 0.31.0-32-g396128a36d (webtiles) character file.

Game seed: 8921266187038399071

16917 unlimited1921 the Spear-Bearer (level 12, -6/97 HPs)
             Began as a Gnoll Cinder Acolyte on Mar 23, 2024.
             Was an Initiate of Ignis.
             Succumbed to Donald's poison
             ... on level 1 of the Orcish Mines.
             The game lasted 01:41:14 (16196 turns).

unlimited1921 the Spear-Bearer (GnCA)              Turns: 16196, Time: 01:41:15

Health: -6/97      AC:  9    Str: 15    XL:     12   Next: 42%
Magic:  16/24      EV: 12    Int: 18    God:    Ignis [......]
Gold:   1132       SH:  9    Dex: 10    Spells: 2/27 levels left

rFire   + . .        h - +0 trident (protect)
rCold   . . .        r - +0 kite shield {reflect}
rNeg    . . .        y - +0 troll leather armour
rPois   .            (no helmet)
rElec   .            (no cloak)
rCorr   .            (no gloves)
SInv    +            A - +0 pair of boots {Fly}
Will    .....        V - amulet of regeneration
Stlth   +++          J - +4 ring of protection
HPRegen 1.96/turn    S - ring of Ogrofiohou {Wiz Int+3 SInv}
MPRegen 0.19/turn

%: reflection, wizardry (x1)
@: lethally poisoned (-6 -> -48), flying, very slightly contaminated
A: fangs 1, strong nose, distributed training
a: Renounce Religion, Rising Flame


You were on level 1 of the Orcish Mines.
You worshipped Ignis.
Ignis was noncommittal.
You visited 3 branches of the dungeon, and saw 14 of its levels.

You collected 1132 gold pieces.

Inventory:

Hand Weapons
 d - a +2 trident of draining
 h - a +0 trident of protection (weapon)
 w - a +5 hand axe of pain
 M - a +4 short sword of venom
 Q - a +1 spear of freezing
Missiles
 i - 21 poisoned darts
 t - 10 javelins (quivered)
 B - a curare-tipped dart
 C - 4 throwing nets
Armour
 a - a +0 robe of fire resistance
 b - a +2 robe of willpower
 r - a +0 kite shield of reflection (worn)
 y - a +0 troll leather armour (worn)
 A - a +0 pair of boots of flying (worn)
 I - a +0 robe of willpower
 N - an orb of mayhem
 R - +0 acid dragon scales
 T - a +1 chain mail of poison resistance
Jewellery
 o - a ring of positive energy
 D - a ring of protection from cold
 J - a +4 ring of protection (left hand)
 S - the ring of Ogrofiohou (right hand) {Wiz Int+3 SInv}
   (You found it on level 9 of the Dungeon)

   [ring of wizardry]

   Wiz:       It improves your spell success rate.
   Int+3:     It affects your intelligence (+3).
   SInv:      It lets you see invisible.
 V - an amulet of regeneration (around neck)
 X - a ring of wizardry
Wands
 U - a wand of roots (2)
Scrolls
 j - a scroll of fear
 n - a scroll of brand weapon
 p - 2 scrolls of immolation {unknown}
 q - a scroll of enchant weapon {unknown}
 s - 4 scrolls of teleportation
 v - 3 scrolls of poison {unknown}
 z - a scroll of revelation {unknown}
 E - 3 scrolls of noise {unknown}
 F - 4 scrolls of fog
 G - 2 scrolls of amnesia
 K - a scroll of butterflies {unknown}
 L - a scroll of enchant armour
 P - 3 scrolls of vulnerability {unknown}
Potions
 c - 4 potions of heal wounds
 e - a potion of mutation
 f - a potion of cancellation
 g - 3 potions of ambrosia
 k - 2 potions of brilliance
 m - 5 potions of might
 H - a potion of curing
 O - 2 potions of attraction
 W - a potion of resistance
 Z - a potion of magic


   Skills:
 + Level 10.1 Fighting
 + Level 7.5 Short Blades
 + Level 7.5 Long Blades
 + Level 7.5 Axes
 + Level 7.5 Maces & Flails
 + Level 10.1 Polearms
 + Level 7.5 Staves
 + Level 7.5 Ranged Weapons
 + Level 7.5 Throwing
 + Level 7.5 Armour
 + Level 7.5 Dodging
 + Level 7.5 Stealth
 + Level 7.5 Shields
 + Level 7.5 Unarmed Combat
 + Level 8.1 Spellcasting
 + Level 6.2 Conjurations
 + Level 6.2 Hexes
 + Level 6.2 Summonings
 + Level 6.2 Necromancy
 + Level 6.2 Translocations
 + Level 8.4 Fire Magic
 + Level 6.2 Ice Magic
 + Level 6.2 Air Magic
 + Level 6.2 Earth Magic
 + Level 6.2 Alchemy
 + Level 8.3 Invocations
 + Level 7.5 Evocations
 + Level 6.9 Shapeshifting


You had 2 spell levels left.
You knew the following spells:

 Your Spells              Type           Power      Damage    Failure   Level
a - Scorch                Fire           74%        2d8       1%          2
b - Ensorcelled Hibernat  Hex/Ice        58%        N/A       1%          2
c - Frozen Ramparts       Ice            58%        1d9       2%          3
d - Hailstorm             Conj/Ice       29%        3d8       2%          3
e - Call Canine Familiar  Summ           29%        N/A       2%          3
f - Summon Blazeheart Go  Fire/Summ      33%        N/A       6%          4
g - Anguish               Hex/Necr       14%        N/A       9%          4
h - Sting                 Conj/Alch      100%       1d9       1%          1
i - Dazzling Flash        Conj/Hex       58%        N/A       2%          3

Your spell library contained the following spells:

 Spells                   Type           Power      Damage    Failure   Level
 Apportation              Tloc           58%        N/A       1%          1
 Freeze                   Ice            100%       1d10      1%          1
 Necrotise                Necr           100%       1d9       1%          1
 Summon Small Mammal      Summ           100%       N/A       1%          1
 Volatile Blastmotes      Fire/Tloc      66%        2d15      1%          3
 Fugue of the Fallen      Necr           29%        N/A       2%          3
 Starburst                Conj/Fire      16%        6d6       61%         6
 Conjure Ball Lightning   Conj/Air       14%        3x3d6     77%         6
 Discord                  Hex            14%        N/A       100%        8
 Disjunction              Tloc           14%        N/A       100%        8
 Maxwell's Capacitive Co  Air            14%        ∞         100%        8


Dungeon Overview and Level Annotations

Branches:
Dungeon (11/15)            Temple (1/1) D:5            Lair (0/5) D:11
    Orc (2/2) D:11
    Elf: Orc:2

Altars:
Ashenzari
Cheibriados
Dithmenos
Elyvilon
Fedhas
Gozag
Hepliaklqana
Kikubaaqudgha
Makhleb
Nemelex Xobeh
Okawaru
Qazlal
Ru
Sif Muna
Trog
Uskayaw
Vehumet
Wu Jian
Xom
Yredelemnul
Zin
The Shining One

Shops:
D:3 (

Annotations:
Orc:1 Donald


Innate Abilities, Weirdness & Mutations

You have very sharp teeth.
Your uncanny sense of smell can sniff out nearby items.
Your experience applies equally to all skills.


Message History

Aiming: Ensorcelled Hibernation (safe; 1% risk of failure)
Press: ? - help, Shift-Dir - straight line, f - Donald
Aim: Donald, wielding a +1 double sword of venom, wearing a +0 chain mail and wearing a +0 kite shield (chance to affect: 4%) Donald resists with almost no effort.
You feel extremely sick.
Donald casts a spell.
Donald seems to grow stronger.
Casting: Ensorcelled Hibernation (safe; 1% risk of failure)
Confirm with . or Enter, or press ? or * to list all spells.
Okay, then.
Unknown command.
Unknown command.
Unknown command.
Unknown command.
Casting: Ensorcelled Hibernation (safe; 1% risk of failure)
Confirm with . or Enter, or press ? or * to list all spells.
Aiming: Ensorcelled Hibernation (safe; 1% risk of failure)
Press: ? - help, Shift-Dir - straight line, f/p - Donald
Aim: Donald, wielding a +1 double sword of venom, wearing a +0 chain mail and wearing a +0 kite shield (strong, chance to affect: 4%) Donald resists with almost no effort.
You feel very sick. You block Donald's attack.
Casting: Ensorcelled Hibernation (safe; 1% risk of failure)
Confirm with . or Enter, or press ? or * to list all spells.
You miscast Summon Blazeheart Golem.
You are very lightly contaminated with residual magic.
Nothing appears to happen.
You feel very sick.
Donald hits you with a +1 double sword of venom!!
* * * LOW HITPOINT WARNING * * *
You are lethally poisoned!
Casting: Summon Blazeheart Golem (dangerous; 6% risk of failure)
Confirm with . or Enter, or press ? or * to list all spells.
Okay, then.
Unknown command.
Unknown command.
Blink to where?
Press: ? - help, Dir - move target, p - Donald
As you read the scroll of blinking, it crumbles to dust.
You die...

#........# #####....#.##
##.###.....##
#...###.#..## ### ##..##
###...###.##
###....####.........##
##.......##.#.........#
#.......#..........#.##
##.##..........@....##
####..........##...##
#####...............##
##..#.................#
##......[.............##
.##..##....)[......#..##
..#...........#...#....#
......#....§<....###..##
#..#..#.....@......####


There were no monsters in sight!

Vanquished Creatures
  Nessos (Orc:2)
  Harold (D:11)
  2 two-headed ogres
  3 boulder beetles
  An orc sorcerer (Orc:1)
  An ugly thing (D:11)
  A cyclops (D:9)
  Jeremiah (D:6)
  An unseen horror (D:11)
  Maggie (D:6)
  2 hornets
  3 trolls (D:11)
  A slime creature (D:9)
  17 yaks
  2 wraiths
  Grum (D:8)
  5 wyverns
  A basilisk (D:11)
  2 vampire mosquitoes (D:10)
  A steam dragon (D:9)
  2 wargs (Orc:1)
  2 water moccasins
  3 acid dragons
  An ice beast (D:7)
  8 orc warriors
  2 black bears
  4 wolves (D:8)
  An ogre (D:5)
  4 centaurs
  3 phantoms
  A kobold brigand (D:6)
  A bullfrog (D:7)
  2 gnoll sergeants
  2 scorpions (D:6)
  4 wights (D:9)
  9 killer bees
  4 orc priests
  A bombardier beetle (D:7)
  A jelly (D:5)
  2 gnoll boudas
  A sleepcap (D:8)
  Terence (D:3)
  2 iguanas
  6 orc wizards
  15 gnolls
  4 adders
  2 shadow imps
  4 ufetubi
  A ribbon worm (D:3)
  3 dart slugs
  43 orcs
  3 bats
  5 endoplasms
  2 giant cockroaches
  7 goblins
  6 hobgoblins
  18 jackals
  5 quokkas
  6 ball pythons
  A frilled lizard (D:1)
  7 kobolds
  7 rats
254 creatures vanquished.

Vanquished Creatures (collateral kills)
  A kobold demonologist (D:10)
  A yak (D:10)
  2 vampire mosquitoes (D:10)
  A warg (Orc:1)
  An orc priest (D:11)
  2 iguanas (D:11)
  An orc wizard (D:11)
  2 orcs (D:11)
11 creatures vanquished.

Vanquished Creatures (others)
  21 blazeheart cores
21 creatures vanquished.

Grand Total: 286 creatures vanquished

Notes
Turn   | Place    | Note
-------+----------+-------------------------------------------
     0 | D:1      | unlimited1921 the Gnoll Cinder Acolyte began the quest for
                  | the Orb.
     0 | D:1      | Reached XP level 1. HP: 23/23 MP: 4/4
    64 | D:1      | Reached XP level 2. HP: 18/29 MP: 5/5
   159 | D:1      | Learned a level 2 spell: Scorch
   463 | D:1      | Reached XP level 3. HP: 34/35 MP: 1/7
   689 | D:1      | Reached skill level 1 in Invocations
  1011 | D:2      | Reached skill level 1 in Short Blades
  1011 | D:2      | Reached skill level 1 in Long Blades
  1011 | D:2      | Reached skill level 1 in Axes
  1011 | D:2      | Reached skill level 1 in Maces & Flails
  1011 | D:2      | Reached skill level 1 in Staves
  1011 | D:2      | Reached skill level 1 in Ranged Weapons
  1011 | D:2      | Reached skill level 1 in Throwing
  1011 | D:2      | Reached skill level 1 in Armour
  1011 | D:2      | Reached skill level 1 in Dodging
  1011 | D:2      | Reached skill level 1 in Stealth
  1011 | D:2      | Reached skill level 1 in Shields
  1011 | D:2      | Reached skill level 1 in Unarmed Combat
  1011 | D:2      | Reached skill level 1 in Evocations
  1604 | D:2      | Reached skill level 1 in Shapeshifting
  1604 | D:2      | Reached XP level 4. HP: 41/41 MP: 2/8
  2075 | D:2      | Found a faded altar of an unknown god.
  2315 | D:3      | Found Exkim's Weapon Boutique.
  3043 | D:3      | Reached skill level 1 in Conjurations
  3043 | D:3      | Reached skill level 1 in Hexes
  3043 | D:3      | Reached skill level 1 in Summonings
  3043 | D:3      | Reached skill level 1 in Necromancy
  3043 | D:3      | Reached skill level 1 in Translocations
  3043 | D:3      | Reached skill level 1 in Ice Magic
  3043 | D:3      | Reached skill level 1 in Air Magic
  3043 | D:3      | Reached skill level 1 in Earth Magic
  3043 | D:3      | Reached skill level 1 in Alchemy
  3272 | D:3      | Noticed Terence
  3279 | D:3      | Killed Terence
  3610 | D:4      | Reached XP level 5. HP: 47/47 MP: 6/9
  3672 | D:4      | Noticed a black bear
  3695 | D:4      | Killed a black bear
  3790 | D:4      | Found an iron altar of Okawaru.
  3971 | D:5      | Entered Level 5 of the Dungeon
  3981 | D:4      | Reached XP level 6. HP: 36/53 MP: 11/11
  4372 | D:5      | Noticed an orc warrior
  4385 | D:5      | Killed an orc warrior
  4386 | D:5      | Reached XP level 7. HP: 33/60 MP: 6/12
  4502 | D:5      | Noticed a yak
  4502 | D:5      | Noticed a yak
  4721 | D:5      | Noticed a yak
  4736 | D:5      | Killed a yak
  4740 | D:5      | Killed a yak
  4746 | D:5      | Killed a yak
  4747 | D:5      | Reached XP level 8. HP: 40/67 MP: 1/14
  5062 | D:5      | Found a staircase to the Ecumenical Temple.
  5217 | Temple   | Entered the Ecumenical Temple
  6342 | D:6      | Noticed Maggie
  6362 | D:6      | Killed Maggie
  6363 | D:6      | Reached XP level 9. HP: 60/73 MP: 10/16
  6438 | D:6      | Learned a level 2 spell: Ensorcelled Hibernation
  6467 | D:6      | Learned a level 3 spell: Frozen Ramparts
  6471 | D:6      | Learned a level 3 spell: Hailstorm
  6485 | D:6      | Reached skill level 5 in Spellcasting
  6825 | D:6      | Noticed Jeremiah
  7167 | D:6      | Killed Jeremiah
  7341 | D:6      | Reached skill level 5 in Invocations
  8508 | D:8      | Noticed Grum
  8520 | D:8      | Reached skill level 5 in Short Blades
  8520 | D:8      | Reached skill level 5 in Long Blades
  8520 | D:8      | Reached skill level 5 in Axes
  8520 | D:8      | Reached skill level 5 in Maces & Flails
  8520 | D:8      | Reached skill level 5 in Staves
  8520 | D:8      | Reached skill level 5 in Ranged Weapons
  8520 | D:8      | Reached skill level 5 in Throwing
  8520 | D:8      | Reached skill level 5 in Armour
  8520 | D:8      | Reached skill level 5 in Dodging
  8520 | D:8      | Reached skill level 5 in Stealth
  8520 | D:8      | Reached skill level 5 in Shields
  8520 | D:8      | Reached skill level 5 in Unarmed Combat
  8520 | D:8      | Reached skill level 5 in Evocations
  8520 | D:8      | Reached XP level 10. HP: 71/81 MP: 9/18
  8695 | D:8      | Killed Grum
  8775 | D:8      | Learned a level 3 spell: Call Canine Familiar
  8780 | D:8      | Learned a level 4 spell: Summon Blazeheart Golem
 10016 | D:9      | Noticed a two-headed ogre
 10025 | D:9      | Killed a two-headed ogre
 10026 | D:9      | Reached skill level 5 in Shapeshifting
 10910 | D:9      | Noticed a cyclops
 11053 | D:9      | Killed a cyclops
 11160 | D:9      | Identified the ring of Ogrofiohou {Wiz Int+3 SInv}
 11185 | D:9      | Noticed a boulder beetle
 11196 | D:9      | Killed a boulder beetle
 11197 | D:9      | Reached skill level 5 in Conjurations
 11197 | D:9      | Reached skill level 5 in Hexes
 11197 | D:9      | Reached skill level 5 in Summonings
 11197 | D:9      | Reached skill level 5 in Necromancy
 11197 | D:9      | Reached skill level 5 in Translocations
 11197 | D:9      | Reached skill level 5 in Ice Magic
 11197 | D:9      | Reached skill level 5 in Air Magic
 11197 | D:9      | Reached skill level 5 in Earth Magic
 11197 | D:9      | Reached skill level 5 in Alchemy
 11197 | D:9      | Reached XP level 11. HP: 89/89 MP: 10/21
 11289 | D:9      | Learned a level 4 spell: Anguish
 12023 | D:10     | Entered Level 10 of the Dungeon
 12245 | D:10     | Noticed a two-headed ogre
 12255 | D:10     | Killed a two-headed ogre
 13182 | D:10     | Noticed a soul eater
 13909 | D:11     | Noticed a green ugly thing
 13917 | D:11     | Killed a green ugly thing
 14032 | D:11     | Found a staircase to the Lair.
 14185 | D:11     | Noticed a boulder beetle
 14203 | D:11     | Killed a boulder beetle
 14204 | D:11     | Reached XP level 12. HP: 97/97 MP: 4/23
 14361 | D:11     | Found a staircase to the Orcish Mines.
 14484 | D:11     | Noticed Harold
 14489 | D:11     | Killed Harold
 14818 | D:11     | Noticed a boulder beetle
 14858 | D:11     | Killed a boulder beetle
 15046 | D:11     | Learned a level 1 spell: Sting
 15394 | Orc:1    | Entered Level 1 of the Orcish Mines
 15408 | D:11     | Reached skill level 10 in Fighting
 15408 | D:11     | Reached skill level 10 in Polearms
 16049 | Orc:2    | Entered Level 2 of the Orcish Mines
 16051 | Orc:2    | Noticed Nessos
 16098 | Orc:1    | Learned a level 3 spell: Dazzling Flash
 16171 | Orc:2    | Noticed Donald
 16191 | Orc:2    | Killed Nessos
 16196 | Orc:1    | Succumbed to Donald's poison

Illustrated notes

Levels and vault maps discovered:
D:1:      dpeg_arrival_lava_altar, layout_rooms, chequers_serial_rivers_small_a,
          minmay_hexomino_f4
D:2:      layout_basic, hellmonk_ecumenical_altar_pennies_from_heaven
D:3:      layout_basic, serial_shops, shop, uniq_terence
D:4:      layout_rooms, mainiacjoe_overflow_alcove_1
D:5:      layout_basic, minmay_temple_entry_sparse_star, serial_glass,
          glass_columns_a, glass_columns_b, grunt_ministairs_13
D:6:      layout_basic, uniq_maggie, uniq_jeremiah
D:7:      layout_rooms
D:8:      nicolae_hitomezashi [nicolae_hito_row, nicolae_hito_row,
          nicolae_hito_row, nicolae_hito_row, nicolae_hito_row,
          nicolae_hito_row, nicolae_hito_row, nicolae_hito_row,
          nicolae_hito_row, nicolae_hito_row, nicolae_hito_row,
          nicolae_hito_row, nicolae_hito_row, nicolae_hito_row,
          nicolae_hito_row, nicolae_hito_row, nicolae_hito_row,
          nicolae_hito_row], layout_basic, hangedman_decor_clover_reticule,
          uniq_grum
D:9:      nicolae_cairo_tiling_very_big, layout_basic, minmay_diamond_spiral
D:10:     layout_loops_ring
D:11:     layout_grid_maze, minmay_lair_entry_grove, david_orc_2,
          gauntlet_entry_generic, uniq_harold
Temple:   nicolae_temple_the_god_donut
Orc:1:    layout_caves, uniq_urug
Orc:2:    st_orc_town, layout_caves, serial_shops, nicolae_diamond_shop,
          uniq_donald, uniq_saint_roka, uniq_erolcha, uniq_nessos

Skill      XL: |  1  2  3  4  5  6  7  8  9 10 11 12 |
---------------+-------------------------------------+-----
Invocations    | 1 2 3 4 5 6 7 8 |  8.3
Short Blades   | 1 2 3 5 6 7 |  7.5
Long Blades    | 1 2 3 5 6 7 |  7.5
Axes           | 1 2 3 5 6 7 |  7.5
Maces & Flails | 1 2 3 5 6 7 |  7.5
Staves         | 1 2 3 5 6 7 |  7.5
Ranged Weapons | 1 2 3 5 6 7 |  7.5
Throwing       | 1 2 3 5 6 7 |  7.5
Armour         | 1 2 3 5 6 7 |  7.5
Dodging        | 1 2 3 5 6 7 |  7.5
Stealth        | 1 2 3 5 6 7 |  7.5
Shields        | 1 2 3 5 6 7 |  7.5
Unarmed Combat | 1 2 3 5 6 7 |  7.5
Evocations     | 1 2 3 5 6 7 |  7.5
Shapeshifting  | 1 2 3 4 5 6 |  6.9
Spellcasting   | 3 4 5 6 7 8 |  8.1
Conjurations   | 1 2 3 4 5 6 |  6.2
Hexes          | 1 2 3 4 5 6 |  6.2
Summonings     | 1 2 3 4 5 6 |  6.2
Necromancy     | 1 2 3 4 5 6 |  6.2
Translocations | 1 2 3 4 5 6 |  6.2
Ice Magic      | 1 2 3 4 5 6 |  6.2
Air Magic      | 1 2 3 4 5 6 |  6.2
Earth Magic    | 1 2 3 4 5 6 |  6.2
Alchemy        | 1 2 3 4 5 6 |  6.2
Fighting       | 7 8 9 10 | 10.1
Polearms       | 7 8 9 10 | 10.1
Fire Magic     | 6 7 8 |  8.4

Action                     |  1- 3 |  4- 6 |  7- 9 | 10-12 || total
---------------------------+-------+-------+-------+-------++-------
  Melee: Spear             |    66 |    28 |       |       ||    94
         Bite              |     5 |     3 |    20 |    20 ||    48
         Hand axe          |       |    41 |    76 |    28 ||   145
         Punch             |       |     1 |     4 |       ||     5
         Trident           |       |       |   135 |   200 ||   335
  Throw: Javelin           |       |       |     9 |    22 ||    31
   Cast: Scorch            |    24 |    30 |    57 |   104 ||   215
         Hailstorm         |       |       |    22 |    42 ||    64
         Frozen Ramparts   |       |       |     2 |    13 ||    15
         Summon Blazeheart |       |       |       |    31 ||    31
         Ensorcelled Hiber |       |       |       |     5 ||     5
         Call Canine Famil |       |       |       |     1 ||     1
         Anguish           |       |       |       |     1 ||     1
 Invoke: Fiery Armour      |       |     4 |     8 |     1 ||    13
    Use: Scroll            |       |       |     9 |     8 ||    17
         Potion            |       |       |     3 |     1 ||     4
   Stab: Sleeping          |       |       |     2 |     1 ||     3
 Armour: Robe              |    19 |       |       |       ||    19
         Leather armour    |    12 |    10 |       |       ||    22
         Ring mail         |       |    40 |    83 |       ||   123
         Steam dragon scal |       |       |   100 |   138 ||   238
         Troll leather arm |       |       |       |    38 ||    38
  Dodge: Dodged            |    31 |    30 |   135 |   157 ||   353
  Block: Buckler           |       |       |    12 |    18 ||    30
         Kite shield       |       |       |       |   117 ||   117
         Reflection        |       |       |       |    11 ||    11
